 Dungeon Crawl Stone Soup version 0.21.1-1-g345015f (webtiles) character file.

1439 microfolk the Changer (level 8, -9/69 HPs)
             Began as a White Draconian Transmuter on May 15, 2018.
             Was a Believer of Makhleb.
             Mangled by a two-headed ogre
             ... wielding a +0 giant spiked club
              (16 damage)
             ... on level 6 of the Dungeon.
             The game lasted 00:15:59 (6732 turns).

microfolk the Changer (White Draconian Transmuter)  Turns: 6732, Time: 00:15:59

Health: -9/69      AC:  6    Str: 12    XL:     8   Next: 45%
Magic:  2/11       EV: 12    Int: 15    God:    Makhleb [**....]
Gold:   242        SH:  0    Dex: 13    Spells: 1/11 levels left

rFire    . . .     SeeInvis .     - Unarmed
rCold    + . .     Gourm    .   (no shield)
rNeg     . . .     Faith    .   (armour unavailable)
rPois    .         Spirit   .   (helmet restricted)
rElec    .         Reflect  .   (no cloak)
rCorr    .         Harm     .   (no gloves)
MR       .....                  (no boots)
Stlth    +.........             (no amulet)
HPRegen  0.21/turn              (no ring)
MPRegen  0.12/turn              (no ring)

@: no status effects
A: breathe frost, unfitting armour, cold resistance 1, cold-blooded, AC +6
a: Breathe Frost, Minor Destruction, Renounce Religion


You were on level 6 of the Dungeon.
You worshipped Makhleb.
Makhleb was pleased with you.
You were not hungry.

You visited 2 branches of the dungeon, and saw 7 of its levels.

You collected 254 gold pieces.
You spent 12 gold pieces at shops.

Inventory:

Hand Weapons
 b - a +0 hunting sling
Missiles
 a - 65 arrows
 e - 82 stones (quivered)
Jewellery
 g - a +2 ring of dexterity {unknown}
 l - an uncursed ring of stealth {unknown}
 w - a cursed -2 ring of dexterity {unknown}
Wands
 v - a wand of paralysis (7)
Scrolls
 d - a scroll of teleportation {unknown}
 f - 3 scrolls of magic mapping
 h - 3 scrolls of remove curse {unknown}
 j - 2 scrolls of enchant weapon {unknown}
 m - 2 scrolls of enchant armour {unknown}
 n - a scroll of immolation
 p - a scroll of blinking {unknown}
 r - a scroll of fog {unknown}
 s - 2 scrolls of identify {unknown}
 y - a scroll of amnesia {unknown}
Potions
 i - a potion of agility {unknown}
 o - 2 potions of curing {@q1}
 q - 2 potions of brilliance {unknown}
 t - a potion of berserk rage {unknown}
Books
 u - a book of Changes

   Spells                             Type                      Level
   a - Beastly Appendage              Transmutation                1
   b - Sticks to Snakes               Transmutation                2
   c - Spider Form                    Transmutation/Poison         3
   d - Ice Form                       Ice/Transmutation            4
   e - Blade Hands                    Transmutation                5
 x - a book of Battle

   Spells                             Type                      Level
   a - Infusion                       Charms                       1
   b - Shroud of Golubria             Charms/Translocation         2
   c - Song of Slaying                Charms                       2
   d - Spectral Weapon                Hexes/Charms                 3
   e - Regeneration                   Charms/Necromancy            3
Comestibles
 c - 5 rations
 k - 3 chunks of flesh


   Skills:
 + Level 5.4 Fighting
 - Level 1.7 Dodging
 + Level 5.9 Unarmed Combat
 - Level 2.0 Spellcasting
 + Level 7.1 Transmutations
 * Level 4.0 Ice Magic


You had one spell level left.
You knew the following spells:

 Your Spells              Type           Power        Failure   Level  Hunger
a - Beastly Appendage     Tmut           ###...       1%          1    #......
b - Sticks to Snakes      Tmut           ###.....     1%          2    ###....
c - Spider Form           Tmut/Pois      ##........   16%         3    ###....
d - Ice Form              Ice/Tmut       ###.....     22%         4    #####..


Dungeon Overview and Level Annotations

Branches:
Dungeon (6/15)             Temple (1/1) D:4

Altars:
Ashenzari
Cheibriados
Dithmenos
Elyvilon
Fedhas
Gozag
Hepliaklqana
Kikubaaqudgha
Makhleb
Nemelex Xobeh
Okawaru
Qazlal
Ru
Sif Muna
Trog
Uskayaw
Wu Jian
Xom
Yredelemnul
Zin
The Shining One

Shops:
D:5 !

Portals:
Sewer: D:6

Annotations:
D:3 kalagan's ghost, amateur HOFi
D:4 exclusion: 2 downstairs


Innate Abilities, Weirdness & Mutations

You can breathe waves of freezing cold.
You can buffet flying creatures when you breathe cold.
Your icy white scales are hard. (AC +6)
You cannot fit into any form of body armour.
Your flesh is cold resistant. (rC+)
You are cold-blooded and may be slowed by cold attacks.


Message History

Makhleb accepts your kill.
You hear a splash.
The two-headed ogre closely misses you.
The two-headed ogre hits you with a giant spiked club!!
* * * LOW HITPOINT WARNING * * *
Your ball python barely misses the two-headed ogre. x2
Your ball python bites the two-headed ogre but does no damage.
Your ball python bites the two-headed ogre.
Evoke which item? (* to show all) (? for menu, Esc to quit)
Okay, then.
Your ball python closely misses the two-headed ogre.
Your ball python bites the two-headed ogre but does no damage.
Your ball python barely misses the two-headed ogre.
Your ball python bites the two-headed ogre but does no damage.
Your transformation has ended.
Your ball python bites the two-headed ogre.
Your ball python bites the two-headed ogre but does no damage.
Your ball python bites the two-headed ogre.
The two-headed ogre hits you with a giant spiked club!
You die...

### ### #####.### ######.#
##.......## #......#
###.......@.## #......#
##.......SO...## #......####
#........SS.#..###..........
##.......S..###..##.........
##..........###.......##...
#####.........##.......####..
#.............##..#....# #..
#.....†.(.#####..##...## #..
#...≈≈)...# #.# ##..# #..


You could see a two-headed ogre and 4 friendly ball pythons.

Vanquished Creatures
  Grinder (D:4)
  Edmund (D:4)
  A black bear (D:4)
  An ice beast (D:6)
  An ogre (D:4)
  A centaur (D:6)
  A scorpion (D:4)
  A bullfrog zombie (D:5)
  A jelly (D:5)
  6 orc wizards
  An orc priest (D:4)
  2 hounds (D:6)
  2 bullfrog skeletons (D:6)
  A centaur skeleton (D:5)
  Ijyb (D:4)
  4 worker ants
  A hound zombie (D:2)
  Robin (D:4)
  A howler monkey skeleton (D:4)
  5 adders
  3 oozes
  An adder zombie (D:5)
  An adder skeleton (D:4)
  3 dart slugs
  4 leopard geckos
  24 orcs
  5 bats
  3 giant cockroaches
  11 goblins
  10 hobgoblins
  12 jackals
  2 quokkas
  2 ball pythons
  3 frilled lizards
  5 kobolds
  A leopard gecko zombie (D:6)
  11 rats
135 creatures vanquished.

Vanquished Creatures (collateral kills)
  2 orcs
  A rat (D:6)
3 creatures vanquished.

Vanquished Creatures (others)
  A fungus (D:4)
1 creature vanquished.

Grand Total: 139 creatures vanquished

Notes
Turn   | Place    | Note
-------+----------+-------------------------------------------
     0 | D:1      | microfolk the Draconian Transmuter began the quest for the Orb.
     0 | D:1      | Reached XP level 1. HP: 16/16 MP: 3/3
   276 | D:1      | Reached XP level 2. HP: 22/23 MP: 3/5
   286 | D:1      | Learned a level 2 spell: Sticks to Snakes
  1124 | D:2      | Reached XP level 3. HP: 26/29 MP: 6/6
  1129 | D:2      | Learned a level 3 spell: Spider Form
  1306 | D:2      | Reached skill level 3 in Transmutations
  2429 | D:3      | Reached XP level 4. HP: 34/36 MP: 7/7
  2592 | D:3      | Noticed kalagan's ghost (amateur HOFi)
  3133 | D:3      | Reached XP level 5. HP: 39/42 MP: 8/8
  3225 | D:4      | Noticed a black bear
  3233 | D:4      | Killed a black bear
  3233 | D:4      | Reached skill level 4 in Transmutations
  3235 | D:4      | Found a basalt altar of Yredelemnul.
  3273 | D:4      | Found a staircase to the Ecumenical Temple.
  3294 | Temple   | Entered the Ecumenical Temple
  3443 | Temple   | Became a worshipper of Makhleb the Destroyer
  3496 | D:4      | Reached XP level 6. HP: 44/51 MP: 6/9
  3546 | D:4      | Noticed Robin
  3594 | D:4      | Killed Robin
  3793 | D:4      | Found a stormy altar of Qazlal.
  3809 | D:4      | Found a blossoming altar of Fedhas.
  4014 | D:4      | Noticed Edmund
  4063 | D:4      | Reached skill level 5 in Transmutations
  4521 | D:4      | Noticed Ijyb
  4525 | D:4      | Paralysed by Ijyb for 4 turns
  4542 | D:4      | Killed Ijyb
  4594 | D:4      | Noticed Grinder
  4614 | D:4      | Killed Grinder
  4614 | D:4      | Reached * piety under Makhleb
  4614 | D:4      | Reached skill level 5 in Unarmed Combat
  4614 | D:4      | Reached skill level 6 in Transmutations
  4614 | D:4      | Your scales start taking on an icy white colour.
  4614 | D:4      | Reached XP level 7. HP: 60/60 MP: 6/10
  4614 | D:4      | Gained mutation: Your flesh is cold resistant. (rC+) [White Draconian growth]
  4689 | D:4      | Learned a level 4 spell: Ice Form
  5026 | D:4      | Killed Edmund
  5026 | D:4      | Reached skill level 1 in Ice Magic
  5105 | D:5      | Entered Level 5 of the Dungeon
  5355 | D:5      | Found Zarixzi's Distillery.
  5396 | D:5      | Bought a potion of degeneration for 12 gold pieces
  5485 | D:5      | Reached XP level 8. HP: 51/67 MP: 8/11
  5840 | D:5      | Found a sparkling altar of Nemelex Xobeh.
  5874 | D:5      | Reached skill level 5 in Fighting
  6260 | D:5      | Found a hide-covered altar of Uskayaw.
  6260 | D:5      | Found a basalt altar of Yredelemnul.
  6262 | D:5      | Found a bloodstained altar of Trog.
  6266 | D:5      | Found an ornate altar of the Wu Jian Council.
  6266 | D:5      | Found a shattered altar of Ashenzari.
  6266 | D:5      | Found an iron altar of Okawaru.
  6267 | D:5      | Found a sacrificial altar of Ru.
  6268 | D:5      | Found a shadowy altar of Dithmenos.
  6270 | D:5      | Found a deep blue altar of Sif Muna.
  6529 | D:6      | Reached skill level 7 in Transmutations
  6707 | D:6      | Reached ** piety under Makhleb
  6709 | D:6      | Found a glowing drain.
  6715 | D:6      | Noticed a two-headed ogre
  6732 | D:6      | Mangled by a two-headed ogre

Skill      XL: |  1  2  3  4  5  6  7  8 |
---------------+-------------------------+-----
Fighting       | 2 3 4 5 |  5.4
Transmutations | 3 4 6 7 |  7.1
Unarmed Combat | 4 5 |  5.9
Ice Magic      | 1 4 |  4.0
Dodging        | |  1.7
Spellcasting   | |  2.0

Action                   |  1- 3 |  4- 6 |  7- 9 || total
-------------------------+-------+-------+-------++-------
Melee: Unarmed           |   126 |   216 |   170 ||   512
       Kick              |    11 |    11 |       ||    22
       Tailslap          |    11 |    13 |     9 ||    33
       Headbutt          |     7 |     3 |     4 ||    14
       Punch             |     1 |     1 |     1 ||     3
 Fire: Hunting sling     |       |     5 |       ||     5
Throw: Stone             |    31 |     5 |     2 ||    38
 Cast: Beastly Appendage |    23 |     8 |     4 ||    35
       Sticks to Snakes  |     1 |     5 |     7 ||    13
       Spider Form       |       |    10 |    17 ||    27
Evoke: Wand              |       |     4 |       ||     4
  Use: Scroll            |     1 |       |     1 ||     2
       Potion            |       |       |     4 ||     4
 Stab: Paralysed         |       |    10 |       ||    10
       Sleeping          |       |       |     2 ||     2
       Distracted        |       |       |     1 ||     1
  Eat: Chunk             |     2 |     6 |     4 ||    12
       Ration            |     1 |     1 |     2 ||     4
Armor: Skin              |    31 |    30 |    22 ||    83
Dodge: Dodged            |    73 |   136 |   134 ||   343
